 Dungeon Crawl Stone Soup version bcrawl-1.18.1 (webtiles) character file.

Game seed: 4717996955267697504

33354 Gumption the Nimble (level 13, -27/89 HPs)
             Began as a Fairy Wizard on Nov 4, 2019.
             Was an Initiate of Gozag.
             Annihilated by a black mamba (40 damage)
             ... on level 6 of the Lair of Beasts.
             The game lasted 03:29:45 (20603 turns).

Gumption the Nimble (Fairy Wizard)                 Turns: 20603, Time: 03:29:45

Health: -27/89     AC: 10    Str:  5    XL:     13   Next: 70%
Magic:  26/31      EV: 27    Int: 27    God:    Gozag
Gold:   4034       SH:  0    Dex: 14    Spells: 1/36 levels left

rFire    . . .     SeeInvis .   a - +2 dagger (venom)
rCold    + . .     Gourm    .   F - +2 buckler
rNeg     + . .     Faith    .   (armour unavailable)
rPois    .         Spirit   .   L - +1 helmet {Int+3}
rElec    .         Reflect  .   T - +0 cloak (curse)
rCorr    .         Harm     .   (no gloves)
MR       +....                  (no boots)
Stlth    +.........             (no amulet)
HPRegen  0.24/turn              v - ring of positive energy
MPRegen  0.22/turn              O - ring of protection from cold

@: sleeping, gold aura, flying evasively
A: small, magic attunement, unstealthy, unfitting armour, able to fly, AC/SH +7
a: Stop Flying, Potion Petition, Call Merchant, Bribe Branch, Renounce Religion


You were on level 6 of the Lair of Beasts.
You worshipped Gozag.
Gozag was most pleased with you.
You were not hungry.

You visited 3 branches of the dungeon, and saw 15 of its levels.

You collected 4122 gold pieces.
You paid 88 gold pieces to Gozag.

Inventory:

Hand Weapons
 a - a +2 dagger of venom (weapon)
 l - a +0 hunting sling
 o - a +0 dagger
 q - a +0 staff
 N - the +9 dagger of the Spinneret {flame, Fragile +Rage Str+3, unknown}
   (You found it on level 4 of the Lair of Beasts)

   It has been specially enchanted to burn those struck by it, causing extra
   injury to most foes and up to half again as much damage against particularly
   susceptible opponents.
   It affects your strength (+3).
   It lets you go berserk.
   It will be destroyed if unequipped.
Missiles
 b - 412 tomahawks (quivered)
 f - 1076 sling bullets
 m - 2540 stones
Armour
 F - a +2 buckler (worn)
 L - a +1 helmet of intelligence (worn)
 T - a cursed +0 cloak (worn)
Magical Staves
 B - an uncursed staff of air
Jewellery
 v - a ring of positive energy (left hand)
 A - an uncursed ring of fire
 I - an uncursed ring of protection from magic {unknown}
 O - a ring of protection from cold (right hand)
 P - an uncursed ring of magical power {unknown}
Wands
 t - a wand of iceblast (8)
 D - a wand of random effects (8)
 H - a wand of paralysis (7)
 J - a wand of scattershot (7)
 K - a wand of disintegration (11)
 M - a wand of polymorph (13)
Scrolls
 g - a scroll of fog
 j - 5 scrolls of remove curse
 y - 2 scrolls of enchant armour
 C - a scroll of fear
 E - 2 scrolls of enchant weapon
 Q - a scroll of teleportation
Potions
 c - 5 potions of magic
 d - 2 potions of invisibility
 h - 2 potions of curing
 i - 3 potions of heal wounds
 k - a potion of agility
 n - a potion of resistance
 r - 5 potions of lignification
 s - a potion of mutation {unknown}
 u - 3 potions of haste
 w - a potion of ambrosia {unknown}
 x - 4 potions of brilliance
 z - 2 potions of flight
 G - a potion of might {unknown}
 R - a potion of cancellation {unknown}
Comestibles
 e - 15 rations {!d}


   Skills:
 + Level 8.7 Fighting
 + Level 13.8 Dodging
 - Level 2.0 Stealth
 - Level 5.6 Shields
 + Level 12.4 Spellcasting
 - Level 8.0 Conjurations
 - Level 8.0 Summonings
 - Level 3.0 Translocations
 - Level 3.0 Transmutations
 - Level 6.0 Fire Magic
 - Level 3.0 Ice Magic
 - Level 8.0 Air Magic
 - Level 3.0 Earth Magic
 - Level 3.0 Poison Magic


You had one spell level left.
You knew the following spells:

 Your Spells              Type           Power        Failure   Level  Hunger
a - Throw Frost           Conj/Ice       #####.       1%          2    None
b - Blink                 Tloc           N/A          1%          2    None
c - Call Imp              Summ           ######       1%          2    None
d - Conjure Flame         Conj/Fire      ######..     1%          3    None
e - Mephitic Cloud        Conj/Pois/Air  ######..     1%          3    None
f - Call Canine Familiar  Summ           ######..     1%          3    None
g - Summon Lightning Spi  Summ/Air       ######..     3%          5    None
h - Stone Arrow           Conj/Erth      #####.       1%          3    None
i - Passwall              Tmut/Erth      ####....     1%          2    None
j - Sticky Flame          Conj/Fire      ######..     1%          4    None
k - Fireball              Conj/Fire      ######....   5%          5    None
z - Magic Dart            Conj           ####         1%          1    None

Your spell library contained the following spells:

 Spells                   Type           Power        Failure   Level  Hunger
 Flame Tongue             Conj/Fire      #####        1%          1    None
 Freeze                   Ice            ####..       1%          1    None
 Sandblast                Erth           ####..       1%          1    None
 Summon Small Mammal      Summ           ####         1%          1    None
 Flaming Arrows           Chrm/Fire      ####....     1%          2    None
 Searing Ray              Conj           ######       1%          2    None
 Iskenderun's Mystic Bla  Conj           ######..     1%          3    None
 Inner Flame              Hex/Fire       N/A          3%          3    None
 Spider Form              Tmut/Pois      ###          3%          3    None
 Summon Ice Beast         Ice/Summ       #####...     3%          4    None
 Throw Icicle             Conj/Ice       #####...     3%          4    None
 Ozocubu's Armour         Chrm/Ice       ###.....     5%          3    None
 Fulminant Prism          Conj/Hex       #####.....   6%          4    None
 Petrify                  Tmut/Erth      ####....     10%         4    None
 Irradiate                Conj/Tmut      #####.....   10%         5    None
 Lee's Rapid Deconstruct  Erth           ####......   26%         5    None


Dungeon Overview and Level Annotations

Branches:
Dungeon (8/12)             Temple (1/1) D:5            Lair (6/6) D:7
  Swamp (0/3) Lair:3       Spider (0/3) Lair:3        Slime (0/5) Lair:6
    Orc: D:8-11

Altars:
Ashenzari
Cheibriados
Dithmenos
Elyvilon
Fedhas
Gozag
Hepliaklqana
Kikubaaqudgha
Lugonu
Makhleb
Nemelex Xobeh
Okawaru
Qazlal
Ru
Sif Muna
Trog
Uskayaw
Vehumet
Wu Jian
Xom
Yredelemnul
Zin
The Shining One
Jiyva

Shops:
D:5 }

Annotations:
D:7 5 runed doors
Lair:4 3 runed translucent doors, yrara's ghost, journeyman DsFi
Lair:5 exclusion: oklob plant


Innate Abilities, Weirdness & Mutations

Your spells do not cause hunger and MP costs are reduced by 1.
Your bright wings attract enemies. (Stealth-)
You cannot fit into any form of body armour.
Your shimmering scales are hard and can block incoming attacks. (AC +7, SH +7)
You are small and have problems with some larger weapons.
You can fly continuously.


Message History

The lindwurm breathes flames at your lightning spire.
The blast of flame misses your lightning spire.
Your lightning spire shoots out a bolt of lightning at the lindwurm!
The bolt of electricity hits the lindwurm.
The black mamba completely misses you.
The dream sheep shake their wool and sparkle.
You feel drowsy...
You fall asleep.
The black mamba barely misses you.
The lindwurm bites your lightning spire but does no damage.
The lindwurm claws your lightning spire but does no damage.
The lindwurm claws your lightning spire.
Your lightning spire shoots out a bolt of lightning at the lindwurm!
The bolt of electricity hits the lindwurm.
The lindwurm dies!
The black mamba completely misses you. The black mamba barely misses you.
Your lightning spire shoots out a bolt of lightning at the dream sheep!
The bolt of electricity hits the dream sheep.
The black mamba bites you!!!
You die...
Your body crumbles into a pile of gold.

#....#.## #PY..8.#....* #.....#
##....#####..#.#.#,..#* ##.....#
##.....<.##..k#...##,*# #......#
#.......)##...#...[### ###.#...
##..##...##...#...##.## ###....
.....##..###..###.#P..# #......
#..####..# #P.Y...#...## #.....#
##.P##.#.###.8.S#......## ##.....
##..###...##.#..@..#....# ######
#...###..####....#.....P# ##.####
#P.#..##.# ##...#.#.#..###.#.#..
#P.......## ######...#...##......
#.........###.####...#..P##...#P.
#.........##P....#.......#..#####
##.....#..##.....#####..##...# #
#....#.#..##.....###...P###..# ##
P..#......##.....#^....## #..###.


You could see a black mamba, a dream sheep and a friendly lightning spire.

Vanquished Creatures
  6 hydras
  2 two-headed ogres (D:8)
  A death yak (Lair:6)
  The ghost of Qoguh the Covert, a novice VSRg of Uskayaw (Lair:1)
  A manticore (Lair:6)
  A wolf spider (Lair:3)
  2 black mambas
  3 elephants (Lair:6)
  5 cane toads
  A rime drake (Lair:2)
  A komodo dragon (Lair:2)
  2 tengu conjurers (D:6)
  A troll (D:7)
  4 dream sheep (Lair:3)
  7 blink frogs
  3 hippogriffs
  2 redbacks (Lair:3)
  15 yaks
  3 hogs (D:8)
  3 humans (D:8)
  2 hungry ghosts
  3 water moccasins
  4 porcupines
  A sky beast (D:5)
  2 ice beasts
  4 orc warriors
  A black bear (D:7)
  2 ogres
  13 wolves
  3 centaurs
  4 crocodiles
  6 bullfrogs
  A scorpion (D:5)
  7 killer bees (D:8)
  2 wights (D:7)
  8 electric eels
  6 crimson imps
  2 centaur zombies (D:6)
  2 bullfrog zombies
  10 hounds
  9 jellies
  2 bullfrog skeletons
  A centaur skeleton (D:6)
  2 orc priests
  6 orc wizards
  7 hell rats (Lair:2)
  An iguana (D:4)
  4 worker ants
  Robin (D:2)
  A hound skeleton (D:4)
  2 worker ant zombies
  4 gnolls
  7 adders
  A howler monkey skeleton (D:4)
  12 river rats (Lair:2)
  A shadow imp (D:5)
  An adder zombie (D:8)
  4 worms
  3 dart slugs
  8 leopard geckos
  25 orcs
  6 bats
  3 giant cockroaches
  12 goblins
  8 hobgoblins
  3 jackals (D:6)
  9 quokkas
  3 frilled lizards
  8 kobolds
  2 quokka skeletons (D:3)
  14 rats
  2 fungi
  A plant (Lair:2)
320 creatures vanquished.

Vanquished Creatures (collateral kills)
  5 hydras
  An anaconda (Lair:6)
  5 death yaks (Lair:6)
  Sonja (Lair:5)
  A necromancer (Lair:6)
  A lindwurm (Lair:6)
  13 elephants (Lair:6)
  A torpor snail (Lair:6)
  A rime drake (Lair:6)
  A komodo dragon (Lair:2)
  6 cane toads
  2 hippogriffs
  3 dream sheep
  4 blink frogs
  A yak (Lair:6)
  2 basilisks (Lair:6)
  3 swamp worms (Lair:3)
  6 water moccasins
  A porcupine (Lair:3)
  8 wolves
  6 bullfrogs
  6 crocodiles
  2 wights (D:7)
  12 jellies (Lair:6)
  2 yak simulacra (Lair:6)
  3 polar bear simulacra (Lair:6)
  4 wolf simulacra (Lair:6)
  2 river rat simulacra (Lair:6)
  A fungus (Lair:6)
  A plant (Lair:3)
105 creatures vanquished.

Vanquished Creatures (others)
  A scorpion (D:5)
  2 orcs (D:7)
  A bush (Lair:6)
  31 fungi
  17 plants
52 creatures vanquished.

Grand Total: 477 creatures vanquished

Notes
Turn   | Place    | Note
-------+----------+-------------------------------------------
     0 | D:1      | Gumption the Fairy Wizard began the quest for the Orb.
     0 | D:1      | Reached XP level 1. HP: 11/11 MP: 7/7
   145 | D:1      | Reached XP level 2. HP: 17/17 MP: 9/9
   149 | D:1      | Learned a level 2 spell: Blink
   152 | D:1      | Learned a level 2 spell: Call Imp
   177 | D:1      | Reached skill level 3 in Dodging
   322 | D:1      | Reached XP level 3. HP: 21/21 MP: 10/10
   330 | D:1      | Learned a level 3 spell: Conjure Flame
   900 | D:2      | Noticed Robin
   914 | D:2      | Killed Robin
   933 | D:2      | Reached XP level 4. HP: 17/27 MP: 12/12
  2060 | D:3      | Reached XP level 5. HP: 31/31 MP: 14/14
  2064 | D:3      | Reached skill level 4 in Dodging
  2082 | D:3      | Noticed a centaur
  2465 | D:3      | Reached skill level 5 in Spellcasting
  2632 | D:3      | Killed a centaur
  2632 | D:3      | Reached skill level 5 in Conjurations
  2632 | D:3      | Reached XP level 6. HP: 14/36 MP: 15/15
  3401 | D:4      | Learned a level 3 spell: Mephitic Cloud
  3436 | D:4      | Reached skill level 5 in Dodging
  3437 | D:4      | Found an opulent altar of Gozag.
  3475 | D:4      | Became a worshipper of Gozag Ym Sagoz the Greedy
  3494 | D:4      | Reached XP level 7. HP: 41/41 MP: 17/17
  3556 | D:4      | Reached skill level 1 in Air Magic
  3588 | D:4      | Reached skill level 1 in Poison Magic
  3652 | D:4      | Learned a level 3 spell: Call Canine Familiar
  3981 | D:5      | Entered Level 5 of the Dungeon
  4550 | D:5      | Found a staircase to the Ecumenical Temple.
  4561 | Temple   | Entered the Ecumenical Temple
  4751 | D:5      | Found Keyst's Gadget Shoppe.
  4772 | D:5      | Reached XP level 8. HP: 41/46 MP: 19/19
  4856 | D:5      | Reached skill level 6 in Dodging
  5020 | D:5      | Found a bloodstained altar of Trog.
  5051 | D:5      | Learned a level 5 spell: Summon Lightning Spire
  5226 | D:6      | Noticed a tengu conjurer
  5226 | D:6      | Noticed a tengu conjurer
  5253 | D:6      | Killed a tengu conjurer
  5253 | D:6      | Reached skill level 8 in Dodging
  5456 | D:6      | Killed a tengu conjurer
  5456 | D:6      | Reached skill level 1 in Fighting
  5456 | D:6      | Reached skill level 1 in Fire Magic
  5507 | D:6      | Reached XP level 9. HP: 36/54 MP: 20/20
  5701 | D:6      | Reached skill level 9 in Dodging
  5962 | D:6      | Learned a level 2 spell: Throw Frost
  6285 | D:6      | Found a shimmering blue altar of Sif Muna.
  6688 | D:7      | Noticed a troll
  6819 | D:7      | Found a glowing silver altar of Zin.
  6851 | D:7      | Killed a troll
  6886 | D:7      | Reached XP level 10. HP: 62/63 MP: 6/24
  7102 | D:7      | Reached skill level 10 in Dodging
  7712 | D:7      | Reached skill level 5 in Air Magic
  7861 | D:7      | Found a corrupted altar of Lugonu.
  7929 | D:7      | Reached skill level 5 in Summonings
  8045 | D:7      | Found a staircase to the Lair.
  8102 | D:7      | Found the +9 staff of Olgreb {rPois}
  8176 | D:7      | Found a stormy altar of Qazlal.
  8435 | D:7      | Found a runed door.
  8437 | D:7      | Found a runed gate.
  8446 | D:7      | Found a runed gate.
  8446 | D:7      | Found a runed gate.
  8462 | D:7      | Found a runed door.
  8823 | D:7      | Found a bloodstained altar of Trog.
  8828 | D:7      | Found an opulent altar of Gozag.
  8829 | D:7      | Found a blossoming altar of Fedhas.
  8981 | D:8      | Found an iron altar of Okawaru.
  9338 | D:8      | Found a viscous altar of Jiyva.
  9418 | D:8      | Noticed a two-headed ogre
  9447 | D:8      | Killed a two-headed ogre
  9447 | D:8      | Reached skill level 5 in Fighting
  9937 | D:8      | Learned a level 3 spell: Stone Arrow
 10013 | D:8      | Noticed a two-headed ogre
 10031 | D:8      | Killed a two-headed ogre
 10031 | D:8      | Reached XP level 11. HP: 52/72 MP: 14/26
 10419 | Lair:1   | Entered Level 1 of the Lair of Beasts
 10588 | Lair:1   | Found a runed translucent door.
 10592 | Lair:1   | Noticed Qoguh's ghost (novice VSRg)
 10731 | Lair:1   | Reached skill level 11 in Dodging
 12208 | Lair:1   | Killed Qoguh's ghost
 12208 | Lair:1   | Reached skill level 1 in Shields
 12280 | Lair:1   | Learned a level 2 spell: Passwall
 12318 | Lair:2   | Reached skill level 10 in Spellcasting
 13266 | Lair:2   | Noticed a four-headed hydra
 13267 | Lair:2   | Noticed a seven-headed hydra
 13281 | Lair:2   | Killed a four-headed hydra
 13671 | Lair:2   | Killed a seven-headed hydra
 13671 | Lair:2   | Reached XP level 12. HP: 80/80 MP: 21/28
 13964 | Lair:3   | Reached skill level 5 in Shields
 13964 | Lair:3   | Reached skill level 1 in Ice Magic
 13964 | Lair:3   | Reached skill level 1 in Earth Magic
 13976 | Lair:3   | Reached skill level 1 in Transmutations
 14015 | Lair:3   | Noticed a six-headed hydra
 14030 | Lair:3   | Killed a six-headed hydra
 14158 | Lair:3   | Found a hide-covered altar of Uskayaw.
 14429 | Lair:3   | Found a hole to the Spider Nest.
 14446 | Lair:3   | Reached skill level 12 in Dodging
 14502 | Lair:3   | Noticed an eight-headed hydra
 14514 | Lair:3   | Killed an eight-headed hydra
 15381 | Lair:3   | Found a staircase to the Swamp.
 15716 | Lair:4   | Noticed a seven-headed hydra
 15729 | Lair:4   | Killed a seven-headed hydra
 15835 | Lair:4   | Found a runed translucent gate.
 15835 | Lair:4   | Found a runed translucent gate.
 15839 | Lair:4   | Found a runed translucent gate.
 15848 | Lair:4   | Learned a level 4 spell: Sticky Flame
 15904 | Lair:4   | Got a slimy dagger
 15959 | Lair:4   | Noticed a four-headed hydra
 15970 | Lair:4   | Killed a four-headed hydra
 16081 | Lair:4   | Noticed a four-headed hydra
 16089 | Lair:4   | Killed a four-headed hydra
 16399 | Lair:4   | Noticed yrara's ghost (journeyman DsFi)
 17338 | Lair:5   | Noticed Sonja
 17516 | Lair:5   | Killed Sonja
 17879 | Lair:6   | Entered Level 6 of the Lair of Beasts
 17934 | Lair:6   | Reached XP level 13. HP: 59/87 MP: 19/30
 18213 | Lair:6   | Found a staircase to the Slime Pits.
 18213 | Lair:6   | Found a viscous altar of Jiyva.
 18439 | Lair:6   | Reached skill level 13 in Dodging
 18439 | Lair:6   | Reached skill level 5 in Fire Magic
 19949 | Lair:6   | Learned a level 5 spell: Fireball
 20552 | Lair:6   | Found the +10 large shield of Ignorance {rN+ Int-4}
 20603 | Lair:6   | Annihilated by a black mamba

Skill      XL: |  1  2  3  4  5  6  7  8  9 10 11 12 13 |
---------------+----------------------------------------+-----
Dodging        | 3 4 5 8 9 10 11 12 13 | 13.8
Conjurations   | 2 3 5 6 8 |  8.0
Stealth        | 2 |  2.0
Spellcasting   | 5 6 8 9 10 11 12 | 12.4
Air Magic      | 2 3 4 6 8 |  8.0
Poison Magic   | 2 3 |  3.0
Summonings     | 2 3 4 6 8 |  8.0
Translocations | 2 3 |  3.0
Fighting       | 1 3 5 6 7 8 |  8.7
Fire Magic     | 2 3 4 6 |  6.0
Shields        | 4 5 |  5.6
Ice Magic      | 3 |  3.0
Earth Magic    | 3 |  3.0
Transmutations | 3 |  3.0

Action                   |  1- 3 |  4- 6 |  7- 9 | 10-12 | 13-15 || total
-------------------------+-------+-------+-------+-------+-------++-------
Melee: Dagger            |       |       |    13 |   143 |    28 ||   184
Throw: Tomahawk          |       |       |       |     2 |     1 ||     3
 Cast: Magic Dart        |    75 |   171 |   290 |   312 |     1 ||   849
       Blink             |     1 |     8 |     2 |   103 |    25 ||   139
       Call Imp          |       |     3 |     6 |    18 |       ||    27
       Mephitic Cloud    |       |       |    27 |    17 |       ||    44
       Throw Frost       |       |       |    47 |   471 |   119 ||   637
       Conjure Flame     |       |       |       |    36 |       ||    36
       Stone Arrow       |       |       |       |    10 |       ||    10
       Summon Lightning  |       |       |       |    41 |    46 ||    87
  Use: Scroll            |       |     5 |     7 |    12 |     1 ||    25
       Potion            |       |       |       |     2 |     2 ||     4
 Stab: Distracted        |       |       |     1 |     1 |     2 ||     4
       Confused          |       |       |       |     2 |       ||     2
  Eat: Chunk             |       |     7 |       |       |       ||     7
       Ration            |       |     1 |     2 |    10 |     3 ||    16
Armor: Skin              |     4 |     6 |    20 |    31 |     6 ||    67
Dodge: Dodged            |    19 |    28 |    95 |   331 |    73 ||   546
Block: Other             |     4 |    12 |    22 |    53 |       ||    91
       Buckler           |       |       |       |   114 |    58 ||   172
